Map: Tours du crépuscule

Players

Imotep - Winner!

  • Race: Protoss Protoss
  • League: Master

Monty

  • Race: Protoss Protoss
  • League: Grandmaster

VOD

Have the link to the VOD?

Description

Time

  • Played on: Dec. 29, 2015, 9:22 p.m.
  • Length: 8:58
Show
View Real Time Build Order
Export as new Build Order

Imotep Protoss - Winner!

Build Orders: Nexus First, Dark Templar Rush 

Get SALT Encoding   

  12  0:00  Probe (Chrono Boost)  
  13  0:11  Probe (Chrono Boost)  
  14  0:22  Probe (Chrono Boost)  
  14  0:23  Pylon  
  15  0:41  Probe (Chrono Boost)  
  16  0:52  Probe (Chrono Boost)  
  17  0:59  Nexus  
  17  1:07  Gateway  
  17  1:10  Probe (Chrono Boost)  
  18  1:16  Assimilator  
  18  1:21  Probe (Chrono Boost)  
  18  1:23  Assimilator  
  19  1:31  Probe (Chrono Boost)  
  20  1:36  Gateway  
  20  1:42  Probe (Chrono Boost)  
  21  1:52  Probe (Chrono Boost)  
  22  1:55  Cybernetics Core  
  22  2:03  Probe (Chrono Boost)  
  23  2:12  Probe (Chrono Boost)  
  23  2:13  Probe (Chrono Boost)  
  26  2:23  Probe (Chrono Boost)  
  26  2:24  Probe (Chrono Boost)  
  27  2:33  Stalker (Chrono Boost), Probe (Chrono Boost)  
  27  2:34  Stalker (Chrono Boost)  
  27  2:37  Warp Gate  
  32  2:39  Probe  
  33  2:45  Pylon  
  33  2:47  Probe (Chrono Boost)  
  33  2:51  Probe (Chrono Boost)  
  35  2:59  Probe (Chrono Boost)  
  35  3:02  Probe (Chrono Boost)  
  35  3:03  Stalker  
  39  3:07  Twilight Council  
  39  3:10  Probe (Chrono Boost)  
  40  3:15  Mothership Core (Chrono Boost)  
  42  3:23  Robotics Facility  
  42  3:26  Probe (Chrono Boost)  
  43  3:35  Gateway  
  43  3:38  Probe (Chrono Boost)  
  43  3:40  Pylon  
  44  3:44  Probe (Chrono Boost)  
  44  3:46  Dark Shrine  
  45  3:49  Probe (Chrono Boost)  
  45  3:52  Gateway  
  46  3:58  Probe (Chrono Boost)  
  46  4:00  Pylon  
  46  4:10  Probe (Chrono Boost)  
  46  4:11  Probe (Chrono Boost)  
  46  4:14  Warp Prism (Chrono Boost)  
  48  4:23  Probe  
  47  4:24  Probe  
  49  4:32  Pylon  
  49  4:33  Blink, Probe  
  49  4:36  Probe  
  51  4:39  Assimilator  
  51  4:40  Assimilator  
  51  4:44  Probe  
  51  4:47  Observer (Chrono Boost)  
  51  4:48  Probe  
  51  4:52  Pylon  
  54  4:54  Probe  
  55  5:00  Probe  
  55  5:05  Probe  
  57  5:13  Probe  
  57  5:15  Dark Templar, Probe  
  57  5:16  Dark Templar  
  57  5:19  Pylon  
  62  5:23  Dark Templar  
  62  5:25  Probe  
  62  5:26  Probe  
  66  5:31  Nexus  
  66  5:37  Probe x2  
  68  5:46  Immortal (Chrono Boost)  
  68  5:47  Probe  
  68  5:49  Probe  
  72  5:58  Probe  
  72  5:59  Dark Templar  
  72  6:00  Dark Templar  
  72  6:01  Probe  
  76  6:08  Probe  
  77  6:13  Probe  
  77  6:14  Pylon  
  77  6:15  Pylon  
  77  6:17  Pylon  
  76  6:18  Dark Templar  
  76  6:19  Probe  
  76  6:25  Probe  
  78  6:29  Probe  
  77  6:36  Immortal (Chrono Boost)  
  77  6:37  Probe  
  77  6:38  Dark Templar  
  82  6:40  Probe  
  83  6:47  Stalker x2  
  83  6:48  Probe  
  83  6:49  Probe  
  83  6:50  Probe  
  88  6:56  Stalker  
  88  6:58  Probe  
  88  7:00  Pylon  
  88  7:01  Probe x2  
  91  7:05  Gateway  
  91  7:07  Gateway  
  93  7:11  Gateway, Probe  
  93  7:14  Probe  
  93  7:15  Immortal (Chrono Boost)  
  100  7:18  Gateway  
  100  7:19  Gateway  
  100  7:20  Gateway  
  99  7:22  Gateway  
  99  7:25  Gateway  
  99  7:29  Assimilator  
  99  7:30  Stalker  
  99  7:31  Assimilator  
  99  7:33  Stalker  
  99  7:36  Stalker  
  105  7:38  Stalker  
  105  7:41  Pylon  
  107  7:54  Immortal (Chrono Boost)  
  107  7:56  Forge  
  107  7:57  Stalker x2  
  115  8:03  Stalker x4  
  121  8:21  Stalker x3  
  121  8:22  Stalker  
  113  8:27  Stalker x4  
Show
View Real Time Build Order
Export as new Build Order

Monty Protoss 

Build Orders: Nexus First 

Get SALT Encoding   

  12  0:01  Probe (Chrono Boost)  
  13  0:11  Probe (Chrono Boost)  
  14  0:17  Pylon  
  14  0:22  Probe (Chrono Boost)  
  15  0:35  Probe (Chrono Boost)  
  16  0:46  Probe (Chrono Boost)  
  17  0:58  Nexus  
  17  1:08  Gateway  
  17  1:11  Probe (Chrono Boost)  
  18  1:16  Assimilator  
  18  1:21  Probe (Chrono Boost)  
  18  1:25  Assimilator  
  19  1:32  Probe (Chrono Boost)  
  20  1:42  Probe (Chrono Boost)  
  20  1:46  Gateway  
  21  1:53  Probe (Chrono Boost)  
  22  2:03  Probe (Chrono Boost), Cybernetics Core  
  23  2:11  Probe (Chrono Boost)  
  23  2:14  Probe (Chrono Boost)  
  25  2:22  Probe (Chrono Boost)  
  26  2:25  Probe (Chrono Boost)  
  27  2:32  Probe (Chrono Boost)  
  27  2:36  Probe (Chrono Boost)  
  29  2:40  Adept x2 (Chrono Boost)  
  29  2:41  Warp Gate  
  29  2:43  Mothership Core  
  35  2:46  Pylon  
  35  2:52  Pylon  
  35  2:54  Probe  
  36  3:08  Stalker x2 (Chrono Boost)  
  36  3:10  Probe x2  
  42  3:20  Robotics Facility  
  42  3:24  Probe x2  
  44  3:31  Twilight Council  
  44  3:36  Probe (Chrono Boost)  
  44  3:37  Probe (Chrono Boost)  
  46  3:48  Probe (Chrono Boost)  
  46  3:49  Probe (Chrono Boost)  
  46  3:53  Pylon  
  48  3:59  Probe (Chrono Boost)  
  48  4:00  Probe (Chrono Boost)  
  50  4:05  Gateway  
  51  4:10  Probe (Chrono Boost)  
  51  4:13  Probe (Chrono Boost)  
  52  4:18  Observer (Chrono Boost)  
  52  4:20  Probe (Chrono Boost)  
  52  4:22  Blink (Chrono Boost)  
  54  4:24  Gateway, Probe  
  54  4:26  Assimilator  
  55  4:32  Probe, Assimilator  
  55  4:36  Probe  
  55  4:37  Nexus  
  57  4:38  Observer  
  57  4:39  Pylon  
  57  4:44  Probe  
  59  5:02  Gateway  
  59  5:03  Gateway  
  57  5:11  Stalker x2  
  57  5:12  Stalker  
  61  5:16  Immortal  
  61  5:18  Pylon, Probe x2  
  61  5:20  Pylon  
  67  5:33  Probe  
  60  5:54  Probe  
  60  5:55  Probe  
  60  5:56  Probe  
  56  6:04  Observer  
  56  6:07  Probe  
  57  6:13  Stalker x3  
  57  6:14  Probe  
  57  6:15  Probe  
  65  6:21  Probe  
  63  6:28  Probe  
  63  6:29  Probe  
  59  6:33  Probe  
  59  6:38  Probe  
  60  6:41  Probe  
  62  6:48  Probe  
  62  6:49  Probe  
  64  7:02  Warp Prism  
  66  7:13  Stalker  
  66  7:14  Stalker x3  
  74  7:26  Probe x2  
  76  7:35  Stalker x2  
  80  7:54  Stalker  
  80  7:55  Stalker x3  
  88  7:59  Observer  
  88  8:00  Stalker x2  
  93  8:11  Pylon  
  93  8:14  Pylon  
  81  8:31  Probe  
Tags
 
Add a new tag
Caveats
  • Supply blocks, unpowered buildings, or Contaminate may cause inaccurate times.
  • Supply counts are checked every 10 seconds.